 Dungeon Crawl Stone Soup version 0.19.1-1-g22dce08 (webtiles) character file.

10673 Elizilla the Brawler (level 11, 0/94 HPs)
             Began as a Troll Monk on Jan 19, 2017.
             Was an Elder of Qazlal.
             Killed from afar by an electric eel (8 damage)
             ... with a bolt of electricity
             ... on level 1 of the Lair of Beasts.
             The game lasted 00:15:06 (7302 turns).

Elizilla the Brawler (Troll Monk)                   Turns: 7302, Time: 00:15:06

Health: 0/94       AC:  8    Str: 29    XL:     11   Next: 39%
Magic:  10/10      EV:  5    Int:  6    God:    Qazlal [****..]
Gold:   618        SH: 18    Dex: 12    Spells: 0 memorised, 10 levels left

rFire  + . .     SeeInvis .       - Unarmed
rCold  x . .     Gourm    +     w - +2 robe {rN+}
rNeg   + . .     Faith    .     a - +0 large shield
rPois  .         Spirit   .     y - +0 hat
rElec  .         Reflect  .     s - +0 cloak
rCorr  .         Harm     .     (gloves unavailable)
MR     .....                    (boots unavailable)
Stlth  +.........               (no amulet)
                                M - ring of fire
                                x - +5 ring of strength

@: repel missiles
A: unfitting armour, claws 3, fast metabolism 3, gourmand, regeneration 1,
shaggy fur 1, tough skin 2
a: Upheaval, Elemental Force, Renounce Religion


You were on level 1 of the Lair of Beasts.
You worshipped Qazlal.
Qazlal was greatly pleased with you.
You were very full.

You visited 3 branches of the dungeon, and saw 12 of its levels.

You collected 618 gold pieces.

Inventory:

Hand Weapons
 I - a +1 dire flail of crushing
Missiles
 H - 3 poisoned javelins (quivered)
Armour
 a - a +0 large shield (worn)
 s - a +0 cloak (worn)
 w - a +2 robe of positive energy (worn)
 y - a +0 hat (worn)
Jewellery
 x - a +5 ring of strength (left claw)
 G - an uncursed ring of stealth
 J - a +2 ring of strength
 M - a ring of fire (right claw)
Wands
 p - a wand of slowing (28/48)
 D - a wand of paralysis (15/24)
 O - a wand of confusion (38/48)
 P - a wand of lightning (10/15)
 R - a wand of lightning (4/15)
 U - a wand of iceblast (6/15)
Scrolls
 e - 8 scrolls of remove curse
 f - 7 scrolls of identify {unknown}
 k - 2 scrolls of enchant weapon {unknown}
 m - a scroll of recharging {unknown}
 n - 3 scrolls of noise {unknown}
 q - 3 scrolls of teleportation {unknown}
 t - 3 scrolls of magic mapping {unknown}
 u - 3 scrolls of blinking {unknown}
 E - a scroll of enchant armour {unknown}
 K - 2 scrolls of amnesia {unknown}
 N - a scroll of brand weapon {unknown}
 Q - 2 scrolls of fear {unknown}
 T - a scroll of random uselessness {unknown}
Potions
 g - a potion of haste
 i - 2 potions of flight {unknown}
 j - a potion of degeneration {unknown}
 l - a potion of magic {unknown}
 o - a potion of heal wounds {unknown}
 r - a potion of lignification {unknown}
 A - a potion of might {unknown}
 B - a potion of cancellation {unknown}
 C - a potion of agility {unknown}
 F - 2 potions of berserk rage {unknown}
 L - a potion of brilliance {unknown}
Books
 z - a book of Maledictions

   Spells                             Type                      Level
   a - Corona                         Hexes                        1
   b - Ensorcelled Hibernation        Hexes/Ice                    2
   c - Confuse                        Hexes                        3
   d - Tukima's Dance                 Hexes                        3
   e - Dazzling Spray                 Conjuration/Hexes            3
Comestibles
 b - 10 bread rations
 c - 6 meat rations
 d - 6 fruits
 v - 4 beef jerkies
 S - 18 royal jellies


   Skills:
 - Level 2.4 Fighting
 + Level 2.4 Dodging
 - Level 1.0 Stealth
 + Level 0.0 Shields
 - Level 17.0 Unarmed Combat


You had 10 spell levels left.
You didn't know any spells.

Dungeon Overview and Level Annotations

Branches:
Dungeon (9/15)             Temple (1/1) D:6            Lair (2/6) D:9
  Swamp: Lair:2-4    Shoals: Lair:2-4     Snake: Lair:2-4    Spider: Lair:2-4
    Orc: D:9-12

Altars:
Ashenzari
Cheibriados
Dithmenos
Elyvilon
Fedhas
Gozag
Hepliaklqana
Kikubaaqudgha
Makhleb
Nemelex Xobeh
Okawaru
Qazlal
Ru
Sif Muna
Trog
Uskayaw
Vehumet
Xom
Yredelemnul
Zin
The Shining One

Shops:
D:8 :


Innate Abilities, Weirdness & Mutations

You are too large for most types of armour.
You have claws for hands.
Your metabolism is lightning-fast.
You like to eat raw meat.
Your natural rate of healing is unusually fast.
You are covered in fur. (AC +1)
You have very tough skin. (AC +2)


Message History

The bolt of electricity hits the fungus.
The bolt of electricity hits you!
* * * LOW HITPOINT WARNING * * *
The electric eel shoots out a bolt of lightning at you!
The bolt of electricity hits the fungus.
The bolt of electricity hits you!
* * * LOW HITPOINT WARNING * * *
You feel better.
The electric eel shoots out a bolt of lightning at you!
The bolt of electricity hits the fungus.
The bolt of electricity is repelled.
The electric eel shoots out a bolt of lightning at you!
The bolt of electricity hits you!
* * * LOW HITPOINT WARNING * * *
The electric eel shoots out a bolt of lightning at you!
The bolt of electricity hits you!
* * * LOW HITPOINT WARNING * * *
The electric eel shoots out a bolt of lightning at you!
The bolt of electricity hits you!
You die...

%..##.....#
##.................$
..####..#.
#...#......≈........ ..#
#.#.#
##..#.$....≈≈≈;;....
...###.## #.......;≈
###....# #..§....;.
##....#### ##.P.....≈
#........# #.#.....≈
##......... #..§.....
#......># ## #@#§.....
#.......# #.............
#.......##.##.#..#......
##...............#.#....
.##..#..#####.#### .....
.....#.## ## .....
#.####†# .# # ....##.#
.. .#.###.#


You could see 2 electric eels.

Vanquished Creatures
  The ghost of Kloppie the Fighter, a novice DrBe of Trog (D:9)
  The ghost of bosm the Grappler, a novice DDTm of Makhleb (D:8)
  Pikel (D:6)
  Psyche (D:8)
  2 spiny frogs (Lair:1)
  2 komodo dragons
  A queen bee (Lair:2)
  The ghost of baghtru the Skirmisher, a novice VSFi (D:4)
  Grinder (D:6)
  A two-headed ogre (D:8)
  3 hippogriffs
  Sigmund (D:6)
  A spriggan (D:9)
  11 yaks (D:9)
  Duvessa (D:4)
  2 water moccasins (Lair:1)
  4 slaves (D:6)
  3 porcupines
  2 orc warriors
  A phantom (D:9)
  6 ogres
  3 centaurs (D:7)
  Blork the orc (D:4)
  4 bullfrogs
  Dowan (D:4)
  2 scorpions (D:4)
  23 killer bees (Lair:2)
  3 howler monkeys
  3 crimson imps
  3 quasits
  Crazy Yiuf (D:3)
  A centaur zombie (D:8)
  8 hounds
  3 orc wizards
  A bullfrog skeleton (D:4)
  An orc priest (D:8)
  A centaur skeleton (D:6)
  An iguana (D:8)
  4 worker ants
  A statue (D:4)
  A hound zombie (D:9)
  2 worker ant zombies
  Robin (D:3)
  12 gnolls
  8 adders
  A shadow imp (D:7)
  2 oozes
  2 adder zombies
  An adder skeleton (D:4)
  A worm (D:2)
  A dart slug (D:1)
  5 leopard geckos
  33 orcs
  9 giant cockroaches
  13 hobgoblins
  7 jackals
  2 quokkas
  A ball python skeleton (D:4)
  5 bats
  8 frilled lizards
  13 goblins
  3 kobolds
  A leopard gecko zombie (D:6)
  A quokka zombie (D:6)
  7 rats
  A bush (Lair:2)
  3 fungi (Lair:1)
256 creatures vanquished.

Vanquished Creatures (others)
  A fungus (Lair:2)
  3 plants (Lair:2)
  A withered plant (D:5)
5 creatures vanquished.

Grand Total: 261 creatures vanquished

Notes
Turn   | Place    | Note
-------+----------+-------------------------------------------
     0 | D:1      | Elizilla the Troll Monk began the quest for the Orb.
     0 | D:1      | Reached XP level 1. HP: 22/22 MP: 0/0
    74 | D:1      | Reached XP level 2. HP: 29/29 MP: 1/1
   191 | D:1      | Reached skill level 4 in Unarmed Combat
   386 | D:2      | Reached XP level 3. HP: 36/36 MP: 2/2
   467 | D:2      | Found a shattered altar of Ashenzari.
   470 | D:2      | Found a white marble altar of Elyvilon.
   473 | D:2      | Found a glowing golden altar of the Shining One.
   476 | D:2      | Found a bloodstained altar of Trog.
   582 | D:2      | Reached skill level 5 in Unarmed Combat
   582 | D:2      | Reached XP level 4. HP: 42/44 MP: 3/3
   705 | D:2      | Reached XP level 5. HP: 50/50 MP: 4/4
  1117 | D:3      | Noticed Robin
  1133 | D:3      | Reached skill level 6 in Unarmed Combat
  1146 | D:3      | Killed Robin
  1274 | D:3      | Found a runed door.
  1278 | D:3      | Noticed Crazy Yiuf
  1282 | D:3      | Killed Crazy Yiuf
  1465 | D:4      | Reached XP level 6. HP: 59/59 MP: 5/5
  1482 | D:4      | Noticed baghtru's ghost (novice VSFi)
  1484 | D:4      | Noticed Blork the orc
  1491 | D:4      | Killed Blork the orc
  1491 | D:4      | Reached skill level 7 in Unarmed Combat
  1496 | D:4      | Killed baghtru's ghost
  1496 | D:4      | Reached skill level 8 in Unarmed Combat
  1496 | D:4      | Reached XP level 7. HP: 54/66 MP: 6/6
  1762 | D:4      | Noticed Dowan
  1769 | D:4      | Noticed Duvessa
  1777 | D:4      | Killed Duvessa
  1777 | D:4      | Reached skill level 9 in Unarmed Combat
  1786 | D:4      | Killed Dowan
  1913 | D:4      | Reached XP level 8. HP: 59/74 MP: 7/7
  1951 | D:4      | Found a radiant altar of Vehumet.
  2355 | D:4      | Found a shimmering altar of Xom.
  2553 | D:5      | Entered Level 5 of the Dungeon
  2560 | D:5      | Reached skill level 10 in Unarmed Combat
  3038 | D:5      | Found an ancient bone altar of Kikubaaqudgha.
  3039 | D:5      | Found a blossoming altar of Fedhas.
  3890 | D:6      | Noticed Sigmund
  3898 | D:6      | Killed Sigmund
  3898 | D:6      | Reached skill level 11 in Unarmed Combat
  4015 | D:6      | Noticed Pikel
  4027 | D:6      | Killed Pikel
  4027 | D:6      | Reached skill level 12 in Unarmed Combat
  4027 | D:6      | Reached XP level 9. HP: 46/80 MP: 8/8
  4038 | D:6      | Found a staircase to the Ecumenical Temple.
  4061 | Temple   | Entered the Ecumenical Temple
  4126 | Temple   | Became a worshipper of Qazlal Stormbringer
  4126 | Temple   | Reached * piety under Qazlal
  4126 | Temple   | Reached ** piety under Qazlal
  4317 | D:6      | Noticed Grinder
  4340 | D:6      | Killed Grinder
  5131 | D:8      | Reached skill level 13 in Unarmed Combat
  5169 | D:8      | Found Xeaclaz's Book Shoppe.
  5208 | D:8      | Noticed bosm's ghost (novice DDTm)
  5218 | D:8      | Killed bosm's ghost
  5365 | D:8      | Reached *** piety under Qazlal
  5365 | D:8      | Reached skill level 14 in Unarmed Combat
  5416 | D:8      | Found a stormy altar of Qazlal.
  5460 | D:8      | Noticed Psyche
  5463 | D:8      | Killed Psyche
  5463 | D:8      | Reached XP level 10. HP: 86/88 MP: 9/9
  5881 | D:9      | Noticed Kloppie's ghost (novice DrBe)
  6039 | D:9      | Killed Kloppie's ghost
  6039 | D:9      | Reached skill level 15 in Unarmed Combat
  6245 | D:9      | Reached **** piety under Qazlal
  6249 | D:9      | Found a staircase to the Lair.
  6274 | D:9      | Reached skill level 16 in Unarmed Combat
  6285 | D:9      | Found a burning altar of Makhleb.
  6607 | Lair:1   | Entered Level 1 of the Lair of Beasts
  6669 | Lair:1   | Reached XP level 11. HP: 71/94 MP: 10/10
  6818 | Lair:1   | You fall through a shaft!
  7184 | Lair:1   | Reached skill level 17 in Unarmed Combat
  7302 | Lair:1   | Killed from afar by an electric eel

Skill      XL: |  1  2  3  4  5  6  7  8  9 10 11 |
---------------+----------------------------------+-----
Unarmed Combat | 4 5 6 8 9 12 14 16 17 | 17.0
Fighting       | |  2.4
Dodging        | |  2.4
Stealth        | |  1.0

Action                   |  1- 3 |  4- 6 |  7- 9 | 10-12 || total
-------------------------+-------+-------+-------+-------++-------
Melee: Unarmed           |    89 |    90 |   273 |   244 ||   696
       Punch             |       |     4 |    16 |    14 ||    34
  Use: Scroll            |       |       |     1 |       ||     1
       Potion            |       |       |       |     4 ||     4
 Stab: Sleeping          |     1 |     3 |     6 |       ||    10
  Eat: Chunk             |    11 |     8 |    36 |    15 ||    70
Armor: Robe              |    27 |    27 |    72 |    51 ||   177
Dodge: Dodged            |    36 |    29 |   103 |   105 ||   273
       Deflected         |       |       |       |     2 ||     2
Block: Other             |       |       |     9 |    37 ||    46
